 BcadrenCrawl: Boulder Brew version 0.03.2.1-103-g09b4e489ee (webtiles) character file.

Game seed: 7481338047599869145, levelgen mode: deterministic

72 funkygono the Grave Robber (level 4, 24/24 HPs) Silent Spectre Necromancer. Began on Mar 4, 2021. Got out of the dungeon intact. The game lasted 00:03:12 (665 turns).

funkygono the Grave Robber (SSNe)                    Turns: 665, Time: 00:03:13

Health: 24/24      AC:  2    Str:  4    XL:     4 ^: 93
Magic:  11/11      EV: 16    Int: 18    God:
Gold:   59         SH:  0    Dex: 17    Spells: 1/8 levels left

rFire    . . .     Vision   .   (no weapon)
rCold    . . .     Gourm    .   (no weapon)
rNeg     + + +     Faith    .   a - +0 robe
rPois    ∞         Spirit   .   (no helmet)
rElec    .         Reflect  .   (no cloak)
rCorr    .         Harm     .   (no gloves)
MR       .....                  (no boots)
Stlth    ++........             (no amulet)
HPRegen  0.18/turn              (no ring)
MPRegen  0.21/turn              (no ring)

@: silenced
A: silence aura, negative energy resistance 3, torment resistance, unbreathing,
petrification resistance, silent casting, insubstantial
a: no special abilities


You escaped.
You were not hungry.

You visited 1 branch of the dungeon, and saw 1 of its levels.

You collected 59 gold pieces.

Inventory:

Armour
 a - a +0 robe (worn)
Jewellery
 c - an uncursed amulet of faith
Potions
 b - a potion of brilliance
Miscellaneous
 d - a lamp of fire


   Skills:
 + Level 2.8 Dodging
 + Level 2.4 Stealth
 + Level 0.6 Unarmed Combat
 + Level 2.9 Spellcasting
 + Level 1.6 Hexes
 + Level 5.1 Necromancy


You had one spell level left.
You knew the following spells:

 Your Spells              Type           Power        Failure   Level  Hunger
a - Pain                  Hex/Necr       14 (25)      6%          1    N/A
b - Vampiric Draining     Necr           21 (200)     9%          3    N/A
c - Pryten's Skeletal Up  Chrm/Necr      11 (200)     22%         3    N/A

Your spell library contained the following spells:

 Spells                   Type           Power        Failure   Level  Hunger
 Animate Dead             Necr           N/A          26%         4    N/A
 Regeneration             Chrm/Necr      Unusable     N/A         3    N/A

Dungeon Overview and Level Annotations

Branches:
Dungeon (1/8)

Altars:


Innate Abilities, Weirdness & Mutations

You are surrounded by an aura of unnatural quiet.
You are immune to poison.
You are immune to negative energy. (rN+++)
You are immune to unholy pain and torment.
You can survive without breathing.
You are immune to petrification.
You can communicate with gods and cast spells while silenced.
Your insubstantial form boosts your evasion and grants immunity to sticky flames, nets and constriction.


Message History

Aim: a bat (silenced, severely wounded (1/3), chance to defeat MR: 85%)
The bat writhes in agony (1).
You kill the bat!
Found a scroll of random uselessness.
There is an open door here.
You see here a bat corpse.
You start waiting.
Magic restored.
Your magical contamination has completely faded away.
You see here a scroll of random uselessness.
Quiver which item? (- for none, * to show all) (? for menu, Esc to quit)
Okay, then.
You see here a cinder newt corpse.
You enter the shallow water.
Moving in this stuff is going to be slow.
There is an open door here.
There is a huge open gate here.
There is a staircase leading out of the dungeon here.
Are you sure you want to leave the Dungeon?
This will make you lose the game!
You have escaped!

##'#......##
#.....# #.
#####.#.....).#
####### #.
#.......#.###.# #.
#.....###.##.♣#
#.........##.♣#
#.....######.♣#
#.....'...#..♣#
##....###.#.######
#....# #.#.'...@#
##....# #.#.'....#
......###.#.'....#
..........#.'....#
............######
............♣♣#
####......#..♣#
....#####.###.#
###.#.†.......#


There were no monsters in sight!

Vanquished Creatures
  2 giant cockroaches (D:1)
  3 cinder newts (D:1)
  An ooze (D:1)
  2 dart slugs (D:1)
  A leopard gecko (D:1)
  3 goblins (D:1)
  A ball python (D:1)
  2 bats (D:1)
  A kobold (D:1)
  3 rats (D:1)
19 creatures vanquished.

Notes
Turn   | Place    | Note
-------+----------+-------------------------------------------
     0 | D:1      | funkygono the Silent Spectre Necromancer began the quest
                  | for the Orb.
     0 | D:1      | Reached XP level 1. HP: 10/10 MP: 6/6
    84 | D:1      | Reached XP level 2. HP: 15/15 MP: 0/8
   306 | D:1      | Reached XP level 3. HP: 19/19 MP: 2/10
   311 | D:1      | Learned a level 3 spell: Vampiric Draining
   315 | D:1      | Learned a level 3 spell: Pryten's Skeletal Uprising
   394 | D:1      | Reached skill level 5 in Necromancy
   506 | D:1      | Reached skill level 1 in Hexes
   506 | D:1      | Reached XP level 4. HP: 24/24 MP: 3/11
   665 | D:$      | Got out of the dungeon intact.

Levels and vault maps discovered:
D:1:      sevenhm_arrival_forest_fort_small_6, layout_basic

Skill      XL: |  1  2  3 |
---------------+----------+-----
Necromancy     | 5 |  5.1
Hexes          | 1 |  1.6
Dodging        | |  2.8
Stealth        | |  2.4
Unarmed Combat | |  0.6
Spellcasting   | |  2.9

Action                   |  1- 3 |  4- 6 || total
-------------------------+-------+-------++-------
Melee: Unarmed           |    25 |       ||    25
 Cast: Pain              |    52 |     4 ||    56
Armor: Robe              |     1 |     1 ||     2
Dodge: Dodged            |    26 |     1 ||    27
